 Dungeon Crawl Stone Soup version 0.16-b1-44-g6e95238 (webtiles) character file.

1833 rgaf the Fighter (level 8, -5/70 HPs)
             Began as a Demonspawn Ice Elementalist on Mar 10, 2015.
             Was an Initiate of Kikubaaqudgha.
             Slain by a yaktaur captain (18 damage)
             ... on level 6 of the Dungeon.
             The game lasted 00:23:21 (8484 turns).

rgaf the Fighter (Demonspawn Ice Elementalist)      Turns: 8484, Time: 00:23:21

Health: -5/70      AC:  4    Str:  9      XL:     8   Next: 86%
Magic:  11/13      EV: 14    Int: 19      God:    Kikubaaqudgha [......]
Gold:   327        SH:  0    Dex: 11 (13) Spells: 2 memorised, 7 levels left

rFire  . . .     SeeInvis +     G - +3 long sword (freeze)
rCold  . . .     Clarity  .     a - +0 robe
rNeg   + . .     SustAb   .     (no shield)
rPois  .         Gourm    .     (no helmet)
rElec  .         Spirit   .     (no cloak)
rCorr  .         Warding  .     D - +0 pair of gloves (curse)
rMut   +         Stasis   .     (no boots)
MR     .....                    q - amulet of resist mutation
Stlth  ++........               H - ring of see invisible
                                z - ring of positive energy

@: about to teleport, very slightly contaminated, hasted, drained, very quick,
not resistant to hostile enchantments, unstealthy
A: talons 1, rugged brown scales 1, demonic guardian 1, rot immunity
a: Renounce Religion


You were on level 6 of the Dungeon.
You worshipped Kikubaaqudgha.
Kikubaaqudgha was noncommittal.
You were not hungry.

You visited 2 branches of the dungeon, and saw 8 of its levels.

You collected 327 gold pieces.

Inventory:

Hand weapons
 e - a +0 dagger
 l - a -1 whip
 m - a +0 trident
 G - a +3 long sword of freezing (weapon)
Armour
 a - a +0 robe (worn)
 D - a cursed +0 pair of gloves (worn)
Jewellery
 g - an uncursed amulet of stasis
 q - an amulet of resist mutation (around neck)
 z - a ring of positive energy (left hand)
 H - a ring of see invisible (right hand)
Scrolls
 h - 5 scrolls of identify
 j - 4 scrolls of fog
 k - a scroll of amnesia {unknown}
 o - 3 scrolls of remove curse
 p - a scroll of recharging {unknown}
 r - 2 scrolls of magic mapping {unknown}
 w - 3 scrolls of enchant armour {unknown}
Potions
 d - a potion of resistance {unknown}
 f - 6 potions of might
 s - a potion of magic {unknown}
 u - a potion of heal wounds {unknown}
 x - 2 potions of restore abilities
 A - a potion of agility {unknown}
 B - a potion of degeneration {unknown}
 C - a potion of poison {unknown}
 F - a potion of cancellation {unknown}
Books
 b - a book of Frost

   Spells                             Type                      Level
   a - Freeze                         Ice                          1
   b - Throw Frost                    Conjuration/Ice              2
   c - Ozocubu's Armour               Charms/Ice                   3
   d - Throw Icicle                   Conjuration/Ice              4
   e - Summon Ice Beast               Ice/Summoning                4
   f - Condensation Shield            Ice                          4
 v - a book of the Tempests

   Spells                             Type                      Level
   a - Static Discharge               Conjuration/Air              3
   b - Lightning Bolt                 Conjuration/Air              5
   c - Fireball                       Conjuration/Fire             5
   d - Tornado                        Air                          9
   e - Shatter                        Earth                        9
 y - a book of Debilitation

   Spells                             Type                      Level
   a - Corona                         Hexes                        1
   b - Slow                           Hexes                        2
   c - Inner Flame                    Hexes/Fire                   3
   d - Enslavement                    Hexes                        4
   e - Cause Fear                     Hexes                        4
   f - Leda's Liquefaction            Hexes/Earth                  4
 E - a book of Hinderance

   Spells                             Type                      Level
   a - Confusing Touch                Hexes                        2
   b - Confuse                        Hexes                        3
   c - Petrify                        Transmutation/Earth          4
   d - Metabolic Englaciation         Hexes/Ice                    5
   e - Gell's Gravitas                Hexes/Translocation          5
   f - Summon Mana Viper              Hexes/Summoning              5
Comestibles
 c - 7 bread rations
 i - 2 meat rations


   Skills:
 * Level 8.0(7.8) Fighting
 + Level 5.5(5.4) Dodging
 - Level 1.7(1.6) Stealth
 - Level 2.0(1.9) Spellcasting
   Level 1.0(0.9) Conjurations
 + Level 5.9(5.8) Ice Magic


You had 7 spell levels left.
You knew the following spells:

 Your Spells              Type           Power        Failure   Level  Hunger
a - Freeze                Ice            ###.         1%          1    #......
b - Ozocubu's Armour      Chrm/Ice       ##......     17%         3    ###....


Dungeon Overview and Level Annotations

Branches:
Dungeon (7/15)             Temple (1/1) D:5

Altars:
Ashenzari
Cheibriados
Dithmenos
Gozag
Kikubaaqudgha
Makhleb
Nemelex Xobeh
Okawaru
Sif Muna
Trog
Xom
Yredelemnul
Zin
The Shining One

Shops:
D:4 }

Annotations:
D:2 Sigmund
D:7 Pikel


Innate Abilities, Weirdness & Mutations

You have sharp toenails.
You are partially covered in rugged brown scales (AC +1, +3% HP).
A weak demonic guardian rushes to your aid.
You are immune to rotting.


Message History

Aiming: Freeze
Press: ? - help, Shift-Dir - straight line, f/p - yaktaur captain
Aim: a yaktaur captain (lightly wounded)
You freeze the yaktaur captain.
The yaktaur captain is lightly wounded.
Read which item? (? for menu, Esc to quit)
As you read the scroll of fog, it crumbles to dust.
The scroll dissolves into smoke.
The yaktaur captain misses you. The worker ant bites you.
* * * LOW HITPOINT WARNING * * *
Read which item? (? for menu, Esc to quit)
As you read the scroll of teleportation, it crumbles to dust.
You feel strangely unstable. The worker ant closely misses you.
The yaktaur captain completely misses you.
Your iron imp hits the yaktaur captain!
You hit the yaktaur captain! You freeze the yaktaur captain.
The yaktaur captain is moderately wounded.
The worker ant barely misses you. The yaktaur captain hits you!!
You die...
Kikubaaqudgha rasps: "You have failed me!
Welcome... death!"

#..'.†....#......................
#.##.............................
#.##....#.#.#....###..........###
#.##....#.#.#..........######....
#.##....#.#.#..........######<.##
#.###'###.#.#....................
#.###.# #.#.#..§§§....c######..#.
......# #.#.#.§ac###'#.# ##.#.
......# #.#.#.§5@# #.#.# #.#.
......###.#.#.§§§###.#.### #.#.
.....>'.......§§§(.......## #.##
......#..............#.#..# #...
......#.....##########.##.#######
......#....## #.#.........
......#....# #...._......
...(..#....# ####.#.......
#######....# #............


You could see a yaktaur captain, a worker ant and a friendly iron imp.

Vanquished Creatures
  The ghost of Mumawsan the Conjurer, an experienced DECj of Vehumet (D:6)
  The ghost of rgaf the Covered, an average DsVM (D:4)
  An ice beast (D:5)
  A phantom (D:4)
  An ogre (D:6)
  An orc warrior (D:6)
  A sky beast (D:5)
  A giant frog (D:6)
  A scorpion (D:6)
  4 wights (D:6)
  2 crimson imps (D:4)
  A hound (D:4)
  A quasit (D:4)
  2 centaur skeletons (D:6)
  A giant frog skeleton (D:5)
  3 orc priests
  3 iguanas
  A worker ant (D:4)
  2 orc wizards
  11 adders
  2 shadow imps (D:6)
  A giant mite (D:3)
  5 worms
  3 giant geckos
  3 oozes
  19 orcs
  8 giant cockroaches
  13 hobgoblins
  8 jackals
  3 quokkas
  10 ball pythons
  10 bats
  4 giant newts
  13 goblins
  A goblin skeleton (D:4)
  A goblin zombie (D:4)
  4 hobgoblin zombies (D:4)
  11 kobolds
  2 kobold skeletons (D:4)
  A kobold zombie (D:4)
  3 orc zombies (D:4)
  14 rats
179 creatures vanquished.

Vanquished Creatures (collateral kills)
  Eustachio (D:4)
  An ogre (D:4)
  An ice beast (D:3)
  2 crimson imps (D:4)
  An adder (D:4)
  An ufetubus (D:4)
  A goblin (D:6)
  A giant gecko (D:4)
9 creatures vanquished.

Vanquished Creatures (others)
  3 quasits
  8 crimson imps
  5 iron imps
  2 white imps (D:4)
  8 ufetubi
26 creatures vanquished.

Grand Total: 214 creatures vanquished

Notes
Turn   | Place    | Note
--------------------------------------------------------------
     0 | D:1      | rgaf, the Demonspawn Ice Elementalist, began the quest for the Orb.
     0 | D:1      | Reached XP level 1. HP: 13/13 MP: 3/3
   312 | D:1      | Reached skill level 3 in Ice Magic
   312 | D:1      | Gained mutation: You are partially covered in rugged brown scales (AC +1, +3% HP). [demonic ancestry]
   312 | D:1      | Reached XP level 2. HP: 9/20 MP: 2/4
   562 | D:1      | Reached skill level 1 in Fighting
  1376 | D:2      | Gained mutation: You have sharp toenails. [demonic ancestry]
  1376 | D:2      | Reached XP level 3. HP: 26/26 MP: 4/6
  1430 | D:2      | Noticed Sigmund
  1634 | D:2      | Found a shimmering altar of Xom.
  1816 | D:3      | Found a glowing drain.
  1904 | D:3      | Reached XP level 4. HP: 35/35 MP: 7/7
  2260 | D:3      | Found an opulent altar of Gozag.
  2503 | D:3      | Gained mutation: A weak demonic guardian rushes to your aid. [demonic ancestry]
  2503 | D:3      | Reached XP level 5. HP: 23/42 MP: 1/9
  2688 | D:3      | Found a basalt altar of Yredelemnul.
  3244 | D:4      | Noticed an ice beast
  3308 | D:3      | Killed an ice beast
  3308 | D:3      | Reached skill level 4 in Fighting
  3308 | D:3      | Reached XP level 6. HP: 31/49 MP: 10/10
  3562 | D:4      | Found a glowing golden altar of the Shining One.
  3600 | D:4      | Noticed Eustachio
  4124 | D:4      | Found Bloirun's Gadget Shoppe.
  4158 | D:4      | Noticed rgaf's ghost (average DsVM)
  4180 | D:5      | Entered Level 5 of the Dungeon
  4436 | D:4      | Killed rgaf's ghost
  4436 | D:4      | Reached XP level 7. HP: 45/56 MP: 12/12
  4570 | D:4      | Reached skill level 5 in Fighting
  4655 | D:4      | Killed Eustachio
  4820 | D:4      | Learned a level 3 spell: Ozocubu's Armour
  5452 | D:4      | Reached skill level 6 in Fighting
  5857 | D:5      | Found a shattered altar of Ashenzari.
  6327 | D:5      | Reached skill level 5 in Ice Magic
  6327 | D:5      | Gained mutation: You are immune to rotting. [demonic ancestry]
  6327 | D:5      | Reached XP level 8. HP: 51/66 MP: 10/13
  6384 | D:5      | Found a bloodstained altar of Trog.
  6479 | D:5      | Found a staircase to the Ecumenical Temple.
  6493 | Temple   | Entered the Ecumenical Temple
  6660 | Temple   | Became a worshipper of Kikubaaqudgha
  6815 | D:5      | Found a shadowy altar of Dithmenos.
  6879 | D:6      | Noticed Mumawsan's ghost (experienced DECj)
  7022 | D:6      | Reached skill level 5 in Dodging
  7200 | D:6      | Reached skill level 7 in Fighting
  7597 | D:6      | Found a sparkling altar of Nemelex Xobeh.
  7637 | D:6      | Killed Mumawsan's ghost
  8174 | D:6      | Reached skill level 8 in Fighting
  8445 | D:7      | Noticed Pikel
  8471 | D:6      | Noticed a yaktaur captain
  8484 | D:6      | Slain by a yaktaur captain

Action                   |  1- 3 |  4- 6 |  7- 9 || total
-------------------------+-------+-------+-------++-------
Melee: Unarmed           |    11 |       |       ||    11
       Dagger            |    20 |       |       ||    20
       Trident           |    39 |   159 |   180 ||   378
       Long sword        |       |       |     1 ||     1
 Cast: Freeze            |    22 |    61 |    61 ||   144
       Ozocubu's Armour  |       |       |     5 ||     5
  Use: Scroll            |     2 |     1 |     7 ||    10
       Potion            |       |       |     1 ||     1
 Stab: Sleeping          |     3 |     7 |       ||    10
  Eat: Chunk             |     3 |     6 |     5 ||    14
       Royal jelly       |       |     1 |       ||     1
       Pizza             |       |     1 |       ||     1
       Meat ration       |       |       |     2 ||     2
